 Dungeon Crawl Stone Soup version 0.31-a0-208-gdb31a4691d (webtiles) character file.

Game seed: 7618133421064563689

1330 inmateoo the Chopper (level 8, 0/70 HPs)
             Began as a Minotaur Fighter on June 28, 2023.
             Slain by a death drake (6 damage)
             ... on level 1 of the Abyss.
             The game lasted 00:03:40 (3261 turns).

inmateoo the Chopper (Minotaur Fighter)             Turns: 3261, Time: 00:03:40

Health: 0/70       AC: 15    Str: 23      XL:     8   Next: 34%
Magic:  7/7        EV: 10    Int:  2 (5)  God:
Gold:   89         SH:  5    Dex:  9 (10) Spells: 7/7 levels left

rFire   . . .        a - +0 war axe
rCold   . . .        c - +0 buckler
rNeg    . . .        e - +0 scale mail
rPois   .            (helmet restricted)
rElec   .            k - +0 cloak
rCorr   .            j - +2 pair of gloves
SInv    .            l - +2 pair of boots {Fly}
Will    .....        (no amulet) Stlth
                     (no ring)
HPRegen 0.31/turn    (no ring)
MPRegen 0.10/turn

%: no passive effects
@: mighty, flying, slowed, very slow
A: horns 2, retaliatory headbutt, deterioration 1
a: no special abilities


You were on level 1 of the Abyss.
You visited 1 branch of the dungeon, and saw 5 of its levels.
You visited the Abyss 1 time.

You collected 206 gold pieces.
You spent 117 gold pieces at shops.

Inventory:

Hand Weapons
 a - a +0 war axe (weapon)
 m - a +2 whip of electrocution
Armour
 c - a +0 buckler (worn)
 e - a +0 scale mail (worn)
 j - a +2 pair of gloves (worn)
 k - a +0 cloak (worn)
 l - a +2 pair of boots of flying (worn)
Potions
 g - a potion of brilliance
 i - a potion of haste


   Skills:
 + Level 6.1 Fighting
 * Level 7.6 Axes
 + Level 6.1 Armour
 + Level 4.1 Dodging
 + Level 6.1 Shields


You had 7 spell levels left.
You didn't know any spells.
Your spell library was empty.

Dungeon Overview and Level Annotations

Branches:
Dungeon (5/15)
 Temple: D:4-7

Altars:
Zin

Shops:
D:1 [   D:4 *


Innate Abilities, Weirdness & Mutations

You have a pair of horns on your head.
You reflexively headbutt those who attack you in melee.
Your body sometimes deteriorates upon taking damage.


Message History

The guardian serpent is severely wounded.
The guardian serpent changes into a yak!
You barely miss the yak.
The yak is moderately wounded.
The yak gores you.
You hit the yak. You headbutt the yak!
The yak is severely wounded.
The yak misses you. You furiously retaliate!
You headbutt the yak! You slice the yak!!
You kill the yak!
You feel your intelligence returning.
Your Fighting skill increases to level 6!
Your Armour skill increases to level 6!
Your Dodging skill increases to level 4!
Your Shields skill increases to level 6!
There is an open door, spattered with blood here.
A death drake comes into view.
The death drake hisses angrily.
The death drake breathes miasma at you. The foul vapour engulfs you.
You are poisoned.
You are engulfed in dark miasma.
You are lethally poisoned!
* * * LOW HITPOINT WARNING * * *
You feel extremely sick.
You feel better.
You are engulfed in dark miasma.
You are poisoned.
You feel yourself slow down.
* * * LOW HITPOINT WARNING * * *
Your body deteriorates!
You feel dopey.
* * * LOW HITPOINT WARNING * * *
You feel very sick.
There are no items here.
Okay, then.
You feel better. The death drake bites you.
* * * LOW HITPOINT WARNING * * *
You hit the death drake. You headbutt the death drake!
The death drake is lightly wounded.
The death drake bites you.
You die...

## . .## ..# #
#.# .. #.# #.##
#k# ... #@# ..
#.######.
#.#..○....#
####...#....#
#............
##.∩.........
#............
#.#..........~
..###'#..###..#


You could see a death drake.

Vanquished Creatures
  Pikel (D:4)
  A yak (shapeshifter) (Abyss:1)
  A neqoxec (Abyss:1)
  A lemure (D:4)
  A phantom (D:4)
  4 scorpions (D:4)
  A small abomination (Abyss:1)
  Terence (D:3)
  2 orc wizards (D:4)
  6 adders
  4 gnolls (D:4)
  4 worms
  A dart slug (D:2)
  15 orcs
  6 ball pythons
  7 bats
  6 endoplasms
  3 giant cockroaches
  6 goblins
  3 hobgoblins
  6 jackals
  7 kobolds
  A quokka (D:3)
  3 frilled lizards
  6 rats
97 creatures vanquished.

Notes
Turn   | Place    | Note
-------+----------+-------------------------------------------
     0 | D:1      | inmateoo the Minotaur Fighter began the quest for the Orb.
     0 | D:1      | Reached XP level 1. HP: 19/19 MP: 0/0
   459 | D:1      | Reached XP level 2. HP: 27/27 MP: 1/1
   478 | D:1      | Found Nuong's Armour Shoppe.
   759 | D:1      | Reached skill level 3 in Axes
   941 | D:2      | Reached XP level 3. HP: 32/33 MP: 2/2
  1041 | D:2      | Reached skill level 1 in Dodging
  1342 | D:2      | Found a faded altar of an unknown god.
  1342 | D:2      | Noticed a blizzard demon
  1589 | D:3      | Noticed Terence
  1601 | D:3      | Killed Terence
  1602 | D:3      | Reached XP level 4. HP: 23/40 MP: 3/3
  1747 | D:3      | Reached skill level 4 in Axes
  2076 | D:3      | Found a glowing silver altar of Zin.
  2150 | D:4      | Noticed a phantom
  2160 | D:4      | Killed a phantom
  2161 | D:4      | Reached XP level 5. HP: 41/47 MP: 4/4
  2205 | D:4      | Found Aluqiogh's CLEARANCE SALE!.
  2213 | D:4      | Bought a scroll of identify for 10 gold pieces
  2213 | D:4      | Bought a +2 pair of boots of flying for 107 gold pieces
  2293 | D:4      | Reached skill level 5 in Axes
  2296 | D:4      | Reached XP level 6. HP: 45/53 MP: 5/5
  2453 | D:4      | Noticed Pikel
  2476 | D:4      | Killed Pikel
  2477 | D:4      | Reached skill level 5 in Fighting
  2477 | D:4      | Reached skill level 6 in Axes
  2477 | D:4      | Reached skill level 5 in Armour
  2477 | D:4      | Reached skill level 5 in Shields
  2477 | D:4      | Reached XP level 7. HP: 25/61 MP: 6/6
  2928 | D:4      | Reached skill level 7 in Axes
  2928 | D:4      | Reached XP level 8. HP: 55/70 MP: 7/7
  3044 | D:5      | Entered Level 5 of the Dungeon
  3075 | Abyss:1  | Cast into level 1 of the Abyss (gnoll sergeant)
  3161 | Abyss:1  | Gained mutation: Your body sometimes deteriorates upon
                  | taking damage. [a neqoxec]
  3233 | Abyss:1  | Noticed a guardian serpent
  3243 | Abyss:1  | a guardian serpent changed into a yak
  3256 | Abyss:1  | Noticed a death drake
  3261 | Abyss:1  | Slain by a death drake

Illustrated notes

Levels and vault maps discovered:
D:1:      dpeg_arrival_circle_labyrinth_c, layout_loops_ring, serial_shops,
          nicolae_shop_competitors_out_of_business, serial_rivers,
          chequers_serial_rivers_large_a, chequers_serial_rivers_micro_a,
          chequers_serial_rivers_small_3, chequers_serial_rivers_room_b
D:2:      layout_loops_ring, dreamdust_ecumenical_altar_sealed_demon
D:3:      layout_basic, general_overflow_altar, uniq_terence
D:4:      old_forge, layout_basic, nicolae_shop_clearance, uniq_pikel
D:5:      layout_basic, uniq_ijyb, uniq_edmund
Abyss:1:  base:
D:1

Skill      XL: |  1  2  3  4  5  6  7  8 |
---------------+-------------------------+-----
Axes           | 3 4 5 6 7 |  7.6
Armour         | 4 5 6 |  6.1
Fighting       | 4 5 6 |  6.1
Dodging        | 1 2 3 4 |  4.1
Shields        | 4 5 6 |  6.1

Action                     |  1- 3 |  4- 6 |  7- 9 || total
---------------------------+-------+-------+-------++-------
  Melee: War axe           |    91 |    86 |    79 ||   256
         Headbutt          |     7 |    12 |    12 ||    31
  Throw: Throwing net      |       |     2 |       ||     2
    Use: Scroll            |     5 |     1 |     2 ||     8
         Potion            |       |       |     3 ||     3
 Armour: Scale mail        |    41 |    34 |    42 ||   117
  Dodge: Dodged            |    24 |    49 |    33 ||   106
  Block: Buckler           |    27 |    20 |    20 ||    67

Table legend: (Time is in decaauts)
 A = Elapsed time spent in this place.
 B = Non-inter-level travel time spent in this place.
 C = Inter-level travel time spent in this place.
 D = Time resting spent in this place.
 E = Time spent auto-exploring this place.
 F = Levels seen in this place.
 G = Mean time per level.
                   A        B        C        D        E       F      G
               +--------+--------+--------+--------+--------+-----+--------+
         Total |   3352 |   3236 |    116 |    315 |   2120 |   6 |  558.7 |
       Dungeon |   3162 |   3046 |    116 |    175 |   2120 |   5 |  632.4 |
         Abyss |    190 |    190 |      0 |    140 |      0 |   1 |  190.0 |
               +--------+--------+--------+--------+--------+-----+--------+

Top non-repeatable levels by time:
     D:4: 957 daAuts
     D:1: 918 daAuts
     D:3: 635 daAuts
     D:2: 619 daAuts
 Abyss:1: 190 daAuts
     D:5: 31 daAuts
